 Dungeon Crawl Stone Soup version 0.22.0 (webtiles) character file.

39 KnightedAnt the Skirmisher (level 3, -1/29 HPs)
             Began as a Formicid Abyssal Knight on Oct 30, 2018.
             Was a Follower of Lugonu.
             Slain by a worm (11 damage)
             ... on level 2 of the Dungeon.
             The game lasted 00:01:38 (1164 turns).

KnightedAnt the Skirmisher (FoAK)                   Turns: 1164, Time: 00:01:39

Health: -1/29      AC:  2    Str: 17    XL:     3   Next: 67%
Magic:  5/5        EV: 12    Int: 11    God:    Lugonu [*.....]
Gold:   98         SH:  0    Dex: 10    Spells: 2/2 levels left

rFire    . . .     SeeInvis +   a - +1 mace
rCold    . . .     Gourm    .   (no shield)
rNeg     . . .     Faith    .   m - +0 robe (curse)
rPois    .         Spirit   .   (helmet unavailable)
rElec    .         Reflect  .   (no cloak)
rCorr    .         Harm     .   (no gloves)
MR       .....                  (no boots)
Stlth    +.........             (no amulet)
HPRegen  0.09/turn              (no ring)
MPRegen  0.09/turn              (no ring)

@: no status effects
A: permanent stasis, dig shafts and tunnels, four strong arms, antennae 3
a: Dig, Shaft Self, Depart the Abyss, Renounce Religion


You were on level 2 of the Dungeon.
You worshipped Lugonu.
Lugonu was aware of your devotion.
You were not hungry.

You visited 1 branch of the dungeon, and saw 2 of its levels.
You visited the Abyss 1 time.

You collected 98 gold pieces.

Inventory:

Hand Weapons
 a - a +1 mace (weapon)
Missiles
 k - 14 stones (quivered)
Armour
 b - a +0 leather armour
 m - a cursed +0 robe (worn)
Scrolls
 e - 2 scrolls of identify {unknown}
 f - a scroll of immolation {unknown}
 g - 2 scrolls of blinking {unknown}
 h - 2 scrolls of remove curse {unknown}
 i - a scroll of enchant armour {unknown}
 l - a scroll of magic mapping {unknown}
Potions
 j - a potion of invisibility {unknown}
 n - a potion of flight {unknown}
Comestibles
 c - 3 rations
 d - 3 chunks of flesh


   Skills:
 + Level 3.6 Fighting
 + Level 2.4 Maces & Flails
 + Level 2.7 Armour
 + Level 1.4 Dodging
 + Level 2.7 Invocations


You had 2 spell levels left.
You didn't know any spells.
Your spell library was empty.

Dungeon Overview and Level Annotations

Branches:
Dungeon (2/15)

Altars:


Innate Abilities, Weirdness & Mutations

You cannot be hasted, slowed, berserked, paralysed or teleported.
You can dig through walls and to a lower floor.
Your four strong arms can wield two-handed weapons with a shield.
You have a pair of large antennae on your head. (SInv)


Message History

You sock the goblin!
You kill the goblin!
Lugonu accepts your kill. The worm bites you.
You hit the worm.
The worm is lightly wounded.
The worm bites you.
You sock the worm!
The worm is heavily wounded.
You sock the worm!
The worm is almost dead.
The worm barely misses you.
A worm is nearby!
You barely miss the worm.
The worm is almost dead.
The worm bites you!
You hit the worm but do no damage.
The worm is severely wounded.
The worm bites you!
You die...

#..........# #.
#..........###.
###...)..........
..............##.
###........####.
###.........## ## ##
#............#
#...###.#..........# #
#..@............####
#..w.##..........##..
#....###......รท..[#..#
......# ##........##.##
#..### ##......###...
.. #######...... #
####..##... #....###...
#.######...


You could see a worm.

Vanquished Creatures
  An adder (D:2)
  A leopard gecko (D:1)
  A bat (D:2)
  3 giant cockroaches (D:1)
  6 goblins
  7 hobgoblins
  2 kobolds (D:1)
  2 frilled lizards
  A rat (D:1)
24 creatures vanquished.

Notes
Turn   | Place    | Note
-------+----------+-------------------------------------------
     0 | Abyss:1  | KnightedAnt the Formicid Abyssal Knight began the quest for the Orb.
     0 | Abyss:1  | Reached XP level 1. HP: 18/18 MP: 2/2
     8 | Abyss:1  | Found a corrupted altar of Lugonu.
    21 | Abyss:1  | Noticed an ancient zyme
    22 | D:1      | Escaped the Abyss
    78 | D:1      | Reached skill level 1 in Dodging
   107 | D:1      | Reached XP level 2. HP: 20/24 MP: 3/3
   255 | D:1      | Reached * piety under Lugonu
   587 | D:1      | Reached XP level 3. HP: 29/29 MP: 4/4
  1164 | D:2      | Slain by a worm

Skill      XL: |  1 |
---------------+----+-----
Dodging        | 1 |  1.4
Fighting       | |  3.6
Maces & Flails | |  2.4
Armour         | |  2.7
Invocations    | |  2.7

Action                   || total
-------------------------++-------
Melee: Mace              ||    84
Invok: Depart the Abyss  ||     1
  Use: Potion            ||     1
  Eat: Chunk             ||     1
Armor: Leather armour    ||    17
       Robe              ||     2
       Skin              ||     2
Dodge: Dodged            ||    60
